 Dungeon Crawl Stone Soup version 0.29-a0-330-g52719c12eb (webtiles) character file.

Game seed: 3681142942924587722

112 kae the Firebug (level 4, -1/28 HPs)
             Began as an Octopode Fire Elementalist on Apr 18, 2022.
             Slain by an orc
             ... wielding a +0 flail
              (9 damage)
             ... on level 3 of the Dungeon.
             The game lasted 00:00:55 (2049 turns).

kae the Firebug (Octopode Fire Elementalist)        Turns: 2049, Time: 00:00:55

Health: -1/28      AC:  1    Str:  7    XL:     4   Next: 93%
Magic:  5/7        EV: 13    Int: 17    God:
Gold:   122        SH:  0    Dex: 12    Spells: 1/7 levels left

rFire   . . .      SeeInvis .   d - +0 dagger
rCold   . . .      Faith    .   (no shield)
rNeg    . . .      Spirit   .   (helmet restricted)
rPois   .          Reflect  .   (no amulet)
rElec   .          Harm     .   (no ring)
rCorr   .          Rampage  .   (no ring)
Will    .....                   (no ring)
Stlth   +++.......              (no ring)
HPRegen 0.09/turn               (no ring)
MPRegen 0.10/turn               (no ring)
                                (no ring)
                                (no ring)

@: attractive
A: almost no armour, amphibious, 8 rings, camouflage 1, gelatinous body 1,
(nimble swimmer 1), tentacles, tentacle spike 2, dopey 1
a: no special abilities


You were on level 3 of the Dungeon.
You visited 1 branch of the dungeon, and saw 3 of its levels.

You collected 122 gold pieces.

Inventory:

Hand Weapons
 d - a +0 dagger (weapon)
Jewellery
 n - a ring of willpower
Scrolls
 b - a scroll of teleportation {unknown}
 e - a scroll of immolation {unknown}
 f - a scroll of fog {unknown}
 h - 2 scrolls of fear {unknown}
 i - a scroll of enchant armour {unknown}
 k - a scroll of holy word {unknown}
 l - a scroll of enchant weapon {unknown}
 m - a scroll of noise {unknown}
 o - 2 scrolls of identify {unknown}
Potions
 a - a potion of magic
 c - a potion of attraction


   Skills:
 + Level 1.3 Fighting
 + Level 2.5 Dodging
 + Level 3.4 Stealth
 + Level 2.4 Spellcasting
 + Level 1.7 Conjurations
 * Level 4.0 Fire Magic


You had one spell level left.
You knew the following spells:

 Your Spells              Type           Power      Damage    Failure   Level
a - Foxfire               Conj/Fire      44%        2x1d6     6%          1
b - Scorch                Fire           30%        2d6       5%          2
c - Conjure Flame         Conj/Fire      11%        6-21      17%         3

Your spell library contained the following spells:

 Spells                   Type           Power      Damage    Failure   Level
 Inner Flame              Hex/Fire       8%         N/A       24%         3
 Flame Wave               Conj/Fire      11%        2d5       50%         4
 Airstrike                Air            1%         N/A       88%         4
 Summon Lightning Spire   Summ/Air       2%         N/A       88%         4
 Lightning Bolt           Conj/Air       2%         1d14      98%         5


Dungeon Overview and Level Annotations

Branches:
Dungeon (3/15)

Altars:


Innate Abilities, Weirdness & Mutations

You cannot wear most types of armour.
You are amphibious.
You can wear up to eight rings at the same time.
Your skin changes colour to match your surroundings (Stealth+).
Your rubbery body absorbs attacks. (AC +1, EV +1)
((You are camouflaged when in or above water. (Stealth+)))
You have tentacles for arms and can constrict up to eight enemies at once.
One of your tentacles bears a nasty spike.
You are dopey. (Int -2)


Message History

You feel attractive to monsters.
The foxfire hits the orc priest.
You kill the orc priest!
Your Fire Magic skill increases to level 4!
It was a potion of mutation.
You feel extremely strange.
You feel stupid.
One of your lower tentacles grows a sharp spike.
Your tentacle spike grows bigger.
It was a potion of heal wounds.
You feel much better.
You hit the orc but do no damage. You grab the orc.
You pierce the orc, but do no damage.
You constrict the orc, but do no damage.
The orc barely misses you.
You barely miss the orc priest. Your grab misses the orc priest.
Your squeeze misses the orc priest. You constrict the orc.
The orc priest misses you. The orc closely misses you.
You hit the orc priest but do no damage.
You grab the orc priest.
You pierce the orc priest.
The orc priest is moderately wounded.
You constrict the orc. You constrict the orc priest.
The orc priest hits you with a +0 whip. The orc closely misses you.
You hit the orc priest.
The orc priest is heavily wounded.
You constrict the orc, but do no damage.
You constrict the orc priest.
The orc priest begins to cast a cantrip, but forgets the words!
The orc misses you.
You hit the orc priest but do no damage.
You pierce the orc priest, but do no damage.
The orc priest is severely wounded.
You constrict the orc, but do no damage.
You constrict the orc priest. The orc priest hits you with a +0 whip!
The orc hits you with a +0 flail.
You hit the orc priest but do no damage.
The orc priest is severely wounded.
You constrict the orc. You constrict the orc priest.
The orc priest hits you with a +0 whip.
* * * LOW HITPOINT WARNING * * *
The orc hits you with a +0 flail!
You die...

## #.# #.# ######.##
.# ..# #.###...##.##
.# #.# #.......##.##
. #.# #..##...##.##
#. ##.#
#..###.###.##
#.##..# #..#
#.....##
#.#..###.[#########.
#oo..............#.
#?#@####.########.#.
#o##.# #.# ## #o #.#
#.# # # #.# #.# #
#.# #.# # #.# #.# #
..# #.# ## ### #. #.


You could see an orc priest and an orc.

Vanquished Creatures
  An orc priest (D:3)
  Terence (D:2)
  2 adders
  2 dart slugs
  An orc (D:2)
  4 endoplasms (D:1)
  2 goblins (D:1)
  4 hobgoblins
  4 jackals (D:1)
  A quokka (D:1)
  3 ball pythons
  5 bats
  A frilled lizard (D:2)
  2 kobolds
  3 rats
36 creatures vanquished.

Vanquished Creatures (others)
  84 foxfires
84 creatures vanquished.

Grand Total: 120 creatures vanquished

Notes
Turn   | Place    | Note
-------+----------+-------------------------------------------
     0 | D:1      | kae the Octopode Fire Elementalist began the quest for the
                  | Orb.
     0 | D:1      | Reached XP level 1. HP: 11/11 MP: 3/3
   301 | D:1      | Reached XP level 2. HP: 18/18 MP: 5/5
   904 | D:1      | Reached XP level 3. HP: 22/22 MP: 6/6
  1231 | D:2      | Found a faded altar of an unknown god.
  1254 | D:2      | Noticed Terence
  1270 | D:2      | Killed Terence
  1271 | D:2      | Reached skill level 1 in Fighting
  1275 | D:2      | Reached XP level 4. HP: 15/28 MP: 1/7
  1788 | D:3      | Learned a level 2 spell: Scorch
  1792 | D:3      | Learned a level 3 spell: Conjure Flame
  2042 | D:3      | Reached skill level 4 in Fire Magic
  2042 | D:3      | Gained mutation: You are dopey. (Int -2) [potion of
                  | mutation]
  2042 | D:3      | Gained mutation: One of your tentacles bears a spike.
                  | [potion of mutation]
  2042 | D:3      | Gained mutation: One of your tentacles bears a nasty spike.
                  | [potion of mutation]
  2049 | D:3      | Slain by an orc

Illustrated notes

Levels and vault maps discovered:
D:1:      matt_arrival_diagonals, layout_basic
D:2:      layout_rooms, ebering_ecumenical_altar_rust, uniq_terence
D:3:      layout_loops_ring

Skill      XL: |  1  2  3  4 |
---------------+-------------+-----
Stealth        | 3 |  3.4
Fighting       | 1 |  1.3
Fire Magic     | 4 |  4.0
Dodging        | |  2.5
Spellcasting   | |  2.4
Conjurations   | |  1.7

Action                   |  1- 3 |  4- 6 || total
-------------------------+-------+-------++-------
Melee: Dagger            |    38 |    15 ||    53
       Tentacles         |    12 |     3 ||    15
       Constrict         |     9 |     4 ||    13
       Punch             |     1 |       ||     1
       Kick              |       |     3 ||     3
 Cast: Foxfire           |    36 |    18 ||    54
  Use: Potion            |       |     3 ||     3
 Stab: Sleeping          |     5 |     1 ||     6
Armor: Skin              |     3 |     3 ||     6
Dodge: Dodged            |    26 |    21 ||    47

Table legend: (Time is in decaauts)
 A = Elapsed time spent in this place.
 B = Non-inter-level travel time spent in this place.
 C = Inter-level travel time spent in this place.
 D = Time resting spent in this place.
 E = Time spent auto-exploring this place.
 F = Levels seen in this place.
 G = Mean time per level.
                   A        B        C        D        E       F      G
               +--------+--------+--------+--------+--------+-----+--------+
         Total |   2048 |   2022 |     26 |    112 |   1624 |   3 |  682.7 |
       Dungeon |   2048 |   2022 |     26 |    112 |   1624 |   3 |  682.7 |
               +--------+--------+--------+--------+--------+-----+--------+

Top non-repeatable levels by time:
     D:1: 1099 daAuts
     D:2: 683 daAuts
     D:3: 264 daAuts
